Dungeon Sprint DCSS version 0.22-a0-93-g6b88ebb (webtiles) character file.

43100000 Rottenbandages the Shapeless Ant (level 27, -116/248 (249) HPs) Began as a Formicid Transmuter on Jan 24, 2018. Was the Champion of Makhleb. Annihilated by a vile ... wielding a +0 mace (159 damage) ... in the Dungeon. The game lasted 00:03:17 (431 turns). Rottenbandages the Shapeless Ant (FoTm) Turns: 431, Time: 00:03:18 HP: -116/248 (249)AC: 4 Str: 19 XL: 27 MP: 54/54 EV: 35 Int: 13 God: Makhleb [******] Gold: 0 SH: 0 Dex: 20 Spells: 79/80 levels left rFire . . . SeeInvis + k - +∞ Axe of Woe rCold . . . Gourm . (no shield) rNeg . . . Faith . b - +0 robe rPois . Spirit . (helmet unavailable) rElec . Reflect . (no cloak) rCorr . Harm . (no gloves) MR ++... (no boots) Stlth ++++...... (no amulet) HPRegen 0.51/turn (no ring) MPRegen 0.34/turn l - +130 ring of slaying @: confused, lethally poisoned (-116 -> -185) A: permanent stasis, dig shafts and tunnels, four strong arms, antennae 3 a: Dig, Minor Destruction, Lesser Servant of Makhleb, Major Destruction, Greater Servant of Makhleb, Renounce Religion You were in the Dungeon. You worshipped Makhleb. Makhleb was exalted by your worship. You were very hungry. You visited 1 branch


Innate Abilities, Weirdness & Mutations

You cannot be hasted, slowed, berserked, paralysed or teleported.
You can dig through walls and to a lower floor.
Your four strong arms can wield two-handed weapons with a shield.
You have a pair of large antennae on your head. (SInv)


   Skills:
 O Level 27 Fighting
 O Level 27 Axes
 O Level 27 Throwing
 O Level 27 Armour
 O Level 27 Dodging
 O Level 27 Stealth
 O Level 27 Unarmed Combat
 O Level 27 Spellcasting
 O Level 27 Transmutations
 O Level 27 Invocations


You had 79 spell levels left.
You knew the following spells:

 Your Spells              Type           Power        Failure   Level  Hunger
y - Beastly Appendage     Tmut           ######       0%          1    None

Inventory:

Hand Weapons
 k - the +∞ Axe of Woe (weapon)
Missiles
 a - 12 arrows
Armour
 b - a +0 robe (worn)
Jewellery
 l - a +130 ring of slaying (right hand)
Scrolls
 j - a scroll of blinking
Potions
 g - a potion of haste
 h - 2 potions of magic
 i - a potion of berserk rage
Books
 c - a book of Changes

   Spells                             Type                      Level
   a - Beastly Appendage              Transmutation                1
   b - Sticks to Snakes               Transmutation                2
   c - Spider Form                    Transmutation/Poison         3
   d - Ice Form                       Ice/Transmutation            4
   e - Blade Hands                    Transmutation                5
Comestibles
 d - a ration

Dungeon Overview and Level Annotations

Branches:
Dungeon (1/1)

Altars:
Makhleb

.▒ .▒ .▒ .▒ {▒ {▒
{▒▒▒▒▒▒▒▒▒▒▒▒▒▒▒▒▒
{▒{▒{▒.▒.▒.▒.▒)▒#▒▒
o{▒{▒.▒.▒.▒....8a#▒
o▒▒▒▒▒▒▒▒▒▒▒.▒▒▒#▒▒
{▒ ▒▒#▒ .▒ ▒.▒▒ .▒
▒▒.▒ .▒ ▒.▒▒ .▒
▒▒.▒ .▒ ▒.▒▒ .▒
▒▒.▒


You could see a vile.


Message History

You are more poisoned! * * * don't die
* * * You hear a shout!!! x7
You are more confused!
You take 115 damage, and have 62/248 hp!
MASSIVE DAMAGE!!!!!!
You feel much better!
You are engulfed in dark miasma!
You are more poisoned!
Your stasis prevents you from being slowed! * * * don't die * * * x2
You feel extremely sick!
You hear a shout!!! x10
You regained 5 hp, and now have 67/249 hp!
Unknown command!
Unknown command!
Unknown command!
You're too confused to attack without stumbling around!!!
You are engulfed in dark miasma!
You are lethally poisoned!!!
You feel your flesh rotting away!!! * * * don't die * * * x2
You feel very sick!
You hear a shout!!!
The vile completely misses you!
You hear a shout!!! x8
The vile hits you with a mace!!! * * * don't die
* * * You are engulfed in flames!!!!!!!!!!!!!!!
DANG rip

Action                   |  1- 3 |  4- 6 |  7- 9 | 10-12 | 13-15 | 16-18 | 19-21 | 22-24 | 25-27 || total
-------------------------+-------+-------+-------+-------+-------+-------+-------+-------+-------++-------
Melee: Executioner's axe |     1 |       |       |     1 |     1 |     2 |     3 |     4 |    12 ||    24
 Abil: Dig               |     1 |       |       |       |       |       |       |       |     3 ||     4
  Use: Potion            |       |       |       |       |       |       |       |       |     2 ||     2
Dodge: Dodged            |       |       |       |       |       |       |       |       |    10 ||    10

Vault maps used:
D:        meatsprint

Notes
Turn   | Place    | Note
-------+----------+-------------------------------------------
     0 | D        | Found the +∞ Axe of Woe
     0 | D        | Rottenbandages the Formicid Transmuter began the quest for the Orb.
     0 | D        | Reached XP level 1. HP: 15/15 MP: 3/3
     3 | D        | Noticed a bag of meat
     4 | D        | Became a worshipper of Makhleb the Destroyer
     5 | D        | Noticed a bag of meat
     5 | D        | Noticed a bag of meat
     6 | D        | Noticed a meat berserker
     7 | D        | Killed a bag of meat
     7 | D        | Reached skill level 13 in Fighting
     7 | D        | Reached skill level 12 in Axes
     7 | D        | Reached skill level 11 in Dodging
     7 | D        | Reached skill level 12 in Unarmed Combat
     7 | D        | Reached skill level 12 in Spellcasting
     7 | D        | Reached skill level 13 in Transmutations
     7 | D        | Reached XP level 2. HP: 40/40 MP: 3/15
     7 | D        | Reached XP level 3. HP: 46/46 MP: 3/16
     7 | D        | Reached XP level 4. HP: 53/53 MP: 3/18
     7 | D        | Reached XP level 5. HP: 59/59 MP: 3/19
     7 | D        | Reached XP level 6. HP: 66/66 MP: 3/21
     7 | D        | Reached XP level 7. HP: 72/72 MP: 3/22
     7 | D        | Reached XP level 8. HP: 79/79 MP: 3/24
     7 | D        | Reached XP level 9. HP: 85/85 MP: 3/25
     7 | D        | Reached XP level 10. HP: 92/92 MP: 3/26
     7 | D        | Reached XP level 11. HP: 98/98 MP: 3/27
     7 | D        | Reached XP level 12. HP: 105/105 MP: 3/28
     8 | D        | Noticed a meat berserker
     8 | D        | Noticed a meat berserker
     8 | D        | Noticed a meat berserker
     9 | D        | Noticed a meat berserker
    10 | D        | Killed a bag of meat
    10 | D        | Reached * piety under Makhleb
    10 | D        | Reached skill level 15 in Fighting
    10 | D        | Reached skill level 14 in Axes
    10 | D        | Reached skill level 13 in Dodging
    10 | D        | Reached skill level 14 in Unarmed Combat
    10 | D        | Reached skill level 14 in Spellcasting
    10 | D        | Reached skill level 15 in Transmutations
    10 | D        | Reached XP level 13. HP: 102/115 MP: 3/31
    10 | D        | Killed a meat berserker
    10 | D        | Reached skill level 17 in Fighting
    10 | D        | Reached skill level 16 in Axes
    10 | D        | Reached skill level 15 in Dodging
    10 | D        | Reached skill level 16 in Unarmed Combat
    10 | D        | Reached skill level 16 in Spellcasting
    10 | D        | Reached skill level 17 in Transmutations
    10 | D        | Reached XP level 14. HP: 113/128 MP: 3/34
    10 | D        | Reached XP level 15. HP: 118/134 MP: 3/35
    11 | D        | Killed a meat berserker
    11 | D        | Reached skill level 19 in Fighting
    11 | D        | Reached skill level 17 in Axes
    11 | D        | Reached skill level 16 in Dodging
    11 | D        | Reached skill level 18 in Unarmed Combat
    11 | D        | Reached skill level 18 in Spellcasting
    11 | D        | Reached skill level 19 in Transmutations
    11 | D        | Reached XP level 16. HP: 146/146 MP: 4/38
    11 | D        | Reached ** piety under Makhleb
    11 | D        | Reached skill level 20 in Fighting
    11 | D        | Reached skill level 18 in Axes
    11 | D        | Reached skill level 17 in Dodging
    11 | D        | Reached skill level 20 in Transmutations
    11 | D        | Killed a meat berserker
    11 | D        | Reached skill level 21 in Fighting
    11 | D        | Reached skill level 20 in Axes
    11 | D        | Reached skill level 18 in Dodging
    11 | D        | Reached skill level 20 in Unarmed Combat
    11 | D        | Reached skill level 20 in Spellcasting
    11 | D        | Reached skill level 21 in Transmutations
    11 | D        | Reached XP level 17. HP: 158/158 MP: 4/41
    11 | D        | Killed a meat berserker
    11 | D        | Reached skill level 22 in Fighting
    11 | D        | Reached skill level 21 in Axes
    11 | D        | Reached skill level 19 in Dodging
    11 | D        | Reached skill level 21 in Unarmed Combat
    11 | D        | Reached skill level 21 in Spellcasting
    11 | D        | Reached skill level 22 in Transmutations
    11 | D        | Reached XP level 18. HP: 170/170 MP: 4/43
    12 | D        | Killed a meat berserker
    12 | D        | Reached *** piety under Makhleb
    12 | D        | Reached skill level 23 in Fighting
    12 | D        | Reached skill level 22 in Axes
    12 | D        | Reached skill level 20 in Dodging
    12 | D        | Reached skill level 22 in Unarmed Combat
    12 | D        | Reached skill level 22 in Spellcasting
    12 | D        | Reached skill level 23 in Transmutations
    13 | D        | Noticed a meat berserker
    13 | D        | Noticed a meat berserker
    15 | D        | Noticed a destroyer
    16 | D        | Noticed a meat berserker
    17 | D        | Noticed a destroyer
    17 | D        | Killed a meat berserker
    17 | D        | Reached skill level 24 in Fighting
    17 | D        | Reached skill level 23 in Axes
    17 | D        | Reached skill level 21 in Dodging
    17 | D        | Reached skill level 23 in Unarmed Combat
    17 | D        | Reached skill level 23 in Spellcasting
    17 | D        | Reached skill level 24 in Transmutations
    17 | D        | Reached XP level 19. HP: 182/182 MP: 5/46
    17 | D        | Killed a meat berserker
    17 | D        | Reached skill level 25 in Fighting
    17 | D        | Reached skill level 24 in Axes
    17 | D        | Reached skill level 22 in Dodging
    17 | D        | Reached skill level 24 in Unarmed Combat
    17 | D        | Reached skill level 24 in Spellcasting
    17 | D        | Reached skill level 25 in Transmutations
    19 | D        | Noticed a meat berserker
    19 | D        | Noticed a meat berserker
    20 | D        | Killed a destroyer
    20 | D        | Reached **** piety under Makhleb
    20 | D        | Reached skill level 27 in Fighting
    20 | D        | Reached skill level 25 in Axes
    20 | D        | Reached skill level 23 in Dodging
    20 | D        | Reached skill level 25 in Unarmed Combat
    20 | D        | Reached skill level 25 in Spellcasting
    20 | D        | Reached skill level 27 in Transmutations
    20 | D        | Reached XP level 20. HP: 179/197 MP: 6/49
    20 | D        | Killed a meat berserker
    20 | D        | Reached skill level 26 in Axes
    20 | D        | Reached skill level 25 in Dodging
    20 | D        | Reached skill level 26 in Unarmed Combat
    20 | D        | Reached skill level 26 in Spellcasting
    20 | D        | Reached skill level 27 in Axes
    20 | D        | Reached skill level 26 in Dodging
    20 | D        | Reached skill level 27 in Unarmed Combat
    20 | D        | Reached skill level 27 in Spellcasting
    20 | D        | Reached XP level 21. HP: 204/204 MP: 6/52
    21 | D        | Reached skill level 17 in Stealth
    21 | D        | Reached ***** piety under Makhleb
    21 | D        | Reached skill level 23 in Stealth
    21 | D        | Reached skill level 27 in Stealth
    21 | D        | Reached skill level 3 in Throwing
    21 | D        | Reached skill level 3 in Armour
    21 | D        | Reached skill level 4 in Invocations
    22 | D        | Killed a destroyer
    22 | D        | Reached skill level 13 in Throwing
    22 | D        | Reached skill level 14 in Armour
    22 | D        | Reached skill level 27 in Dodging
    22 | D        | Reached skill level 15 in Invocations
    22 | D        | Reached XP level 22. HP: 212/212 MP: 7/53
    22 | D        | Reached skill level 15 in Throwing
    22 | D        | Reached skill level 17 in Armour
    22 | D        | Reached skill level 18 in Invocations
    23 | D        | Reached skill level 17 in Throwing
    23 | D        | Reached skill level 18 in Armour
    23 | D        | Reached skill level 20 in Invocations
    23 | D        | Reached skill level 18 in Throwing
    23 | D        | Reached skill level 20 in Armour
    23 | D        | Reached skill level 21 in Invocations
    23 | D        | Reached XP level 23. HP: 219/219 MP: 7/54
    23 | D        | Reached skill level 20 in Throwing
    23 | D        | Reached skill level 21 in Armour
    23 | D        | Reached skill level 23 in Invocations
    24 | D        | Noticed a destroyer
    24 | D        | Reached ****** piety under Makhleb
    24 | D        | Reached skill level 22 in Throwing
    24 | D        | Reached skill level 24 in Armour
    24 | D        | Reached skill level 25 in Invocations
    26 | D        | Reached skill level 23 in Throwing
    26 | D        | Reached skill level 25 in Armour
    26 | D        | Reached skill level 26 in Invocations
    26 | D        | Reached skill level 26 in Throwing
    26 | D        | Reached skill level 27 in Armour
    26 | D        | Reached skill level 27 in Invocations
    26 | D        | Reached XP level 24. HP: 227/227 MP: 8/54
    26 | D        | Reached skill level 27 in Throwing
    27 | D        | Noticed a destroyer
    28 | D        | Killed a destroyer
    28 | D        | Reached XP level 25. HP: 234/234 MP: 8/54
    32 | D        | Reached XP level 26. HP: 242/242 MP: 10/54
    32 | D        | Noticed The Servant
    37 | D        | Noticed a destroyer
    37 | D        | Noticed a destroyer
    38 | D        | Reached XP level 27. HP: 249/249 MP: 11/54
    39 | D        | Killed a destroyer
    43 | D        | Killed a destroyer
    45 | D        | Noticed a large bag of meat
    47 | D        | Noticed a destroyer
    48 | D        | Noticed an accursed
   138 | D        | Killed The Servant
   424 | D        | Noticed a vile
   431 | D        | Annihilated by a vile

Vanquished Creatures
  Harold (D)
  5 vampire knights (D)
  19 ogres (D)
  33 orcs (D)
  2 skeletal warriors (D)
60 creatures vanquished.
